 Dungeon Crawl Stone Soup version 0.31-a0-507-gbafd7f5274 (webtiles) character file.

Game seed: 10645541706971746233

814 LeprechaunX the Ruffian (level 7, -8/48 HPs)
             Began as an Octopode Shapeshifter on Aug 9, 2023.
             Mangled by Pikel
             ... wielding a +2 whip of flaming
              (10 damage)
             ... on level 5 of the Dungeon.
             The game lasted 00:05:23 (4326 turns).

LeprechaunX the Ruffian (Octopode Shapeshifter)     Turns: 4326, Time: 00:05:24

Health: -8/48      AC:  1    Str: 23    XL:     7   Next: 93%
Magic:  16/16      EV: 14    Int: 10    God:
Gold:   263        SH:  0    Dex: 12    Spells: 6/6 levels left

rFire   . .          .
                       - Unarmed
rCold   . . .        (no shield)
rNeg    . . .        (helmet currently unavailable)
rPois   .            (no amulet)
rElec   .            o - ring of magical power
rCorr   .            r - +6 ring of strength
SInv    .            u - ring of flight
Will    .....        (no ring)
Stlth   ++           (no ring)
HPRegen 0.28/turn    (no ring)
MPRegen 0.15/turn    (no ring)
                     (no ring)

%: no passive effects
@: beast-form, flying
A: beast (slay +3), almost no armour, amphibious, 8 rings, camouflage 1,
gelatinous body 1, (nimble swimmer 1), tentacles
a: Begin Untransformation


You were on level 5 of the Dungeon.
You were a hulking beast.
You visited 1 branch of the dungeon, and saw 5 of its levels.
You also visited: Sewer.

You collected 263 gold pieces.

Inventory:

Jewellery
 o - a ring of magical power (left tentacle)
 r - a +6 ring of strength (right tentacle)
 u - a ring of flight (on tentacle)
Talismans
 b - a beast talisman (active)
 c - a flux talisman
Wands
 q - a wand of charming (17) (quivered)
 v - a wand of mindburst (20)
 w - a wand of polymorph (4)
Scrolls
 e - 2 scrolls of revelation {unknown}
 i - a scroll of immolation {unknown}
 k - a scroll of summoning {unknown}
 l - 9 scrolls of identify {unknown}
 n - a scroll of vulnerability {unknown}
 p - 3 scrolls of enchant armour {unknown}
 s - 2 scrolls of amnesia {unknown}
 t - a scroll of enchant weapon {unknown}
 x - a scroll of poison {unknown}
 y - a scroll of fog {unknown}
Potions
 a - 3 potions of lignification
 d - a potion of degeneration {unknown}
 f - 2 potions of mutation {unknown}
 g - 2 potions of ambrosia {unknown}
 h - 2 potions of berserk rage
 j - 3 potions of magic {unknown}
 m - 5 potions of curing {unknown}
 z - a potion of heal wounds {unknown}


   Skills:
 + Level 4.2 Fighting
 + Level 4.6 Dodging
 + Level 5.2 Unarmed Combat
 + Level 4.6 Shapeshifting


You had 6 spell levels left.
You didn't know any spells.
Your spell library contained the following spells:

 Spells                   Type           Power      Damage    Failure   Level
 Cigotuvi's Dreadful Rot  Necr/Pois/Air  0%         N/A       50%         2
 Ensorcelled Hibernation  Hex/Ice        0%         N/A       50%         2
 Passwall                 Tmut/Erth      0%         N/A       50%         2
 Sublimation of Blood     Necr           0%         N/A       50%         2
 Ignite Poison            Fire/Tmut/Pois 0%         N/A       75%         3
 Swiftness                Air            0%         N/A       75%         3
 Vampiric Draining        Necr           0%         2d6       75%         3
 Freezing Cloud           Conj/Ice/Air   0%         6-21      100%        5
 Death Channel            Necr           0%         N/A       100%        6


Dungeon Overview and Level Annotations

Branches:
Dungeon (5/15)              Sewer (visited)
 Temple: D:4-7

Altars:
Yredelemnul

Shops:
D:1 *   D:5 ?:(

Annotations:
D:2 1 runed translucent door, Crazy Yiuf
D:5 Pikel


Innate Abilities, Weirdness & Mutations

You are a hulking beast.
Your limbs bulge with bestial killing power. (Slay +3)
You cannot wear most types of armour.
You are amphibious.
You can wear up to eight rings at the same time.
Your skin changes colour to match your surroundings (Stealth+).
Your rubbery body absorbs attacks. (AC +1, EV +1)
((You are camouflaged when in or above water. (Stealth+)))
You have tentacles for arms and can constrict up to eight enemies at once.


Message History

You tentacle-slap the lemure. You tentacle-slap the lemure!
You squeeze the lemure.
You kill the lemure!
That felt strangely unrewarding.
A lemure comes into view.
The lemure shouts!
You bludgeon Pikel! Your grab misses Pikel. You squeeze Pikel!
Pikel is heavily wounded.
Pikel hits you with a +2 whip of flaming!
Pikel burns you.
You bludgeon Pikel! Your grab misses Pikel.
You squeeze Pikel, but do no damage.
Pikel is severely wounded.
Pikel hits you with a +2 whip of flaming!
* * * LOW HITPOINT WARNING * * *
Pikel burns you.
* * * LOW HITPOINT WARNING * * *
You closely miss Pikel. You grab Pikel.
Pikel is severely wounded.
You constrict Pikel. Pikel barely misses you.
You tentacle-slap Pikel. x2
Pikel is severely wounded.
You constrict Pikel.
Pikel hits you with a +2 whip of flaming!
* * * LOW HITPOINT WARNING * * *
Pikel burns you.
* * * LOW HITPOINT WARNING * * *
You tentacle-slap Pikel.
You tentacle-slap Pikel, but do no damage.
You squeeze Pikel, but do no damage.
Pikel is almost dead.
You constrict Pikel.
Pikel says, "You'll rust in Dis!"
Pikel closely misses you.
You tentacle-slap Pikel.
Pikel is almost dead.
You constrict Pikel. Pikel waves his whip at you.
Pikel hits you with a +2 whip of flaming!
You die...

########################
................hK555...
...#####################
##.# #.# #.# #.# #.# #.#
##.#


You could see Pikel and 3 lemures.

Vanquished Creatures
  An orc warrior (D:5)
  A black bear (D:4)
  Pargi (Sewer)
  A lemure (D:5)
  2 scorpions (D:4)
  A howler monkey (D:4)
  3 jellies
  A sleepcap (D:4)
  Ijyb (D:4)
  An orc wizard (D:5)
  Natasha (thrice) (D:2)
  4 adders
  2 ufetubi
  3 worms
  2 dart slugs (D:2)
  8 orcs
  11 bats
  6 endoplasms
  6 giant cockroaches
  6 goblins
  5 hobgoblins
  3 jackals (D:1)
  4 quokkas
  9 ball pythons
  3 frilled lizards
  6 kobolds
  6 rats
100 creatures vanquished.

Notes
Turn   | Place    | Note
-------+----------+-------------------------------------------
     0 | D:1      | LeprechaunX the Octopode Shapeshifter began the quest for
                  | the Orb.
     0 | D:1      | Reached XP level 1. HP: 13/13 MP: 1/1
   165 | D:1      | Reached XP level 2. HP: 18/18 MP: 2/2
   393 | D:1      | Found Qeevazul's General Store.
   445 | D:1      | Reached XP level 3. HP: 23/23 MP: 3/3
   503 | D:2      | Noticed Natasha
   506 | D:2      | Killed Natasha
   618 | D:2      | Noticed Natasha
   619 | D:2      | Reached XP level 4. HP: 22/29 MP: 4/4
   628 | D:2      | Killed Natasha
   638 | D:2      | Noticed Natasha
   891 | D:2      | Reached XP level 5. HP: 35/35 MP: 5/5
  1068 | D:2      | Killed Natasha
  1514 | D:2      | Found a runed translucent door.
  1515 | D:2      | Noticed Crazy Yiuf
  1872 | D:3      | Reached skill level 4 in Unarmed Combat
  2041 | D:3      | Found a glowing drain.
  2045 | Sewer    | Entered a sewer
  2068 | Sewer    | Noticed Pargi
  2078 | Sewer    | Killed Pargi
  2079 | Sewer    | Reached XP level 6. HP: 37/42 MP: 6/6
  2468 | D:3      | Got the Octavo of Cadavers
  3011 | D:4      | Noticed a black bear
  3048 | D:4      | Killed a black bear
  3049 | D:4      | Reached XP level 7. HP: 31/46 MP: 7/7
  3169 | D:4      | Noticed Ijyb
  3178 | D:4      | Killed Ijyb
  3622 | D:4      | Identified the +0 robe of Macaroni {rElec rC++}
  3860 | D:5      | Entered Level 5 of the Dungeon
  3860 | D:5      | Found Ecamn's Weapon Boutique.
  3860 | D:5      | Found Dosoosho's Book Boutique.
  3860 | D:5      | Found Xausisel's Magic Scroll Boutique.
  3915 | D:5      | Reached skill level 5 in Unarmed Combat
  4025 | D:5      | Found a basalt altar of Yredelemnul.
  4315 | D:5      | Noticed Pikel
  4324 | D:5      | HP: 2/48 [Pikel/+2 whip of flaming (1)]
  4326 | D:5      | Mangled by Pikel

Illustrated notes

Levels and vault maps discovered:
D:1:      dpeg_arrival_three_bigger_balls, layout_rooms, serial_shops, shop
D:2:      layout_loops_ring, uniq_natasha, uniq_crazy_yiuf_cottage
D:3:      layout_basic, gup_sewer_entry_spiral, glass_columns_a,
          nicolae_eternal_life, minmay_vboxes
D:4:      layout_loops_ring, uniq_ijyb
D:5:      layout_basic, kennysheep_mini, minmay_temple_entry_wispy,
          nicolae_shop_distant_corner_stores, uniq_pikel, uniq_duvessa,
          uniq_menkaure

Skill      XL: |  1  2  3  4  5  6  7 |
---------------+----------------------+-----
Fighting       | 2 3 4 |  4.2
Dodging        | 3 4 |  4.6
Unarmed Combat | 4 5 |  5.2
Shapeshifting  | 4 |  4.6

Action                     |  1- 3 |  4- 6 |  7- 9 || total
---------------------------+-------+-------+-------++-------
  Melee: Unarmed           |    47 |   107 |    53 ||   207
         Constrict         |    14 |    29 |    15 ||    58
         Tentacles         |     9 |    18 |    21 ||    48
         Punch             |       |     4 |     8 ||    12
  Evoke: Wand              |       |     1 |       ||     1
   Stab: Sleeping          |     6 |    12 |     2 ||    20
 Armour: Skin              |     5 |     8 |       ||    13
  Dodge: Dodged            |    26 |    67 |    23 ||   116

Table legend: (Time is in decaauts)
 A = Elapsed time spent in this place.
 B = Non-inter-level travel time spent in this place.
 C = Inter-level travel time spent in this place.
 D = Time resting spent in this place.
 E = Time spent auto-exploring this place.
 F = Levels seen in this place.
 G = Mean time per level.
                   A        B        C        D        E       F      G
               +--------+--------+--------+--------+--------+-----+--------+
         Total |   4306 |   4056 |    250 |    456 |   2803 |   6 |  717.7 |
       Dungeon |   4220 |   3970 |    250 |    456 |   2749 |   5 |  844.0 |
         Sewer |     85 |     85 |      0 |      0 |     54 |   1 |   85.0 |
               +--------+--------+--------+--------+--------+-----+--------+

Top non-repeatable levels by time:
     D:2: 1139 daAuts
     D:4: 1134 daAuts
     D:3: 1059 daAuts
     D:1: 466 daAuts
     D:5: 421 daAuts
   Sewer: 85 daAuts
